 Dungeon Crawl Stone Soup version 0.18-a0-1285-g60d00e1 (webtiles) character file.

430 M4edhros the Sneak (level 6, 0/38 HPs)
             Began as an Octopode Artificer on Feb 8, 2016.
             Slain by a killer bee zombie (7 damage)
             ... in an ossuary.
             The game lasted 00:04:39 (2964 turns).

M4edhros the Sneak (Octopode Artificer)             Turns: 2964, Time: 00:04:39

Health: 0/38       AC:  1    Str: 10    XL:     6   Next: 99%
Magic:  9/9        EV: 14    Int: 16    God:
Gold:   145        SH:  0    Dex: 13    Spells: 0 memorised, 5 levels left

rFire  . . .     SeeInvis .     e - +3 quarterstaff (chaos)
rCold  . . .     Gourm    .     (shield currently unavailable)
rNeg   . . .     Faith    .     (helmet restricted)
rPois  .         Spirit   .     (no amulet)
rElec  .         Dismiss  .     y - ring of stealth
rCorr  .         Reflect  .     (no ring)
SustAt .         Harm     .     (no ring)
MR     .....                    (no ring)
Stlth  +++++++...               (no ring)
                                (no ring)
                                (no ring)
                                (no ring)

@: hasted, very quick, not resistant to hostile enchantments, extremely stealthy
A: almost no armour, amphibious, 8 rings, constrict 8, camouflage 1, gelatinous
body 1
a: no special abilities


You were in an ossuary.
You were very hungry.

You visited 2 branches of the dungeon, and saw 6 of its levels.
You also visited: Ossuary.

You collected 145 gold pieces.

Inventory:

Hand Weapons
 a - a +0 short sword
 e - a +3 quarterstaff of chaos (weapon)
 r - a +1 mace
 s - the +2 falchion of the Fifty Curses {freeze, rN+}
   (You found it on level 4 of the Dungeon)

   It has been specially enchanted to freeze those struck by it, causing extra
   injury to most foes and up to half again as much damage against particularly
   susceptible opponents.
   It can also slow down cold-blooded creatures.
   It protects you from negative energy.
Missiles
 m - 4 javelins (quivered)
Armour
 A - a +0 buckler
Jewellery
 y - a ring of stealth (left tentacle)
Wands
 b - a wand of flame (4/48)
 c - a wand of enslavement (14/24)
 d - a wand of random effects (12/48)
Scrolls
 h - 2 scrolls of noise {unknown}
 i - 3 scrolls of blinking {unknown}
 p - a scroll of magic mapping {unknown}
 t - 2 scrolls of identify {unknown}
 u - a scroll of immolation {unknown}
 B - 2 scrolls of remove curse {unknown}
 C - a scroll of enchant weapon
Potions
 j - 2 potions of resistance {unknown}
 k - 3 potions of haste
 l - a potion of brilliance {unknown}
 o - a potion of agility {unknown}
 q - a potion of flight {unknown}
 v - a potion of berserk rage {unknown}
 x - a potion of degeneration {unknown}
 z - a potion of heal wounds {unknown}
Comestibles
 f - 3 bread rations
 g - a slice of pizza
 n - a meat ration
 w - 14 fruits
 D - a beef jerky


   Skills:
 - Level 1.0 Fighting
 - Level 1.0 Short Blades
 * Level 4.7 Dodging
 * Level 6.2 Stealth
 + Level 4.8 Evocations


You had 5 spell levels left.
You didn't know any spells.

Dungeon Overview and Level Annotations

Branches:
Dungeon (5/15)             Temple (1/1) D:5

Altars:
Ashenzari
Fedhas
Gozag
Kikubaaqudgha
Makhleb
Nemelex Xobeh
Okawaru
Pakellas
Qazlal
Ru
Sif Muna
Vehumet
Yredelemnul
Zin


Innate Abilities, Weirdness & Mutations

You cannot wear most types of armour.
You are amphibious.
You can wear up to eight rings at the same time.
You can use your tentacles to constrict eight enemies at once.
Your skin changes colour to match your surroundings (Stealth).
Your rubbery body absorbs attacks (AC +1).


Message History

The centaur zombie hits you.
You sock the centaur zombie! You burn the centaur zombie.
You destroy the centaur zombie!
A giant frog zombie comes into view.
You hit the killer bee zombie.
The killer bee zombie convulses.
You grab the killer bee zombie. You constrict the killer bee zombie.
The killer bee zombie hits you.
The killer bee zombie closely misses you.
You hit the killer bee zombie. You constrict the killer bee zombie.
The killer bee zombie barely misses you.
The killer bee zombie hits you.
You barely miss the killer bee zombie. You constrict the killer bee zombie.
The killer bee zombie closely misses you.
The killer bee zombie hits you. x2
* * * LOW HITPOINT WARNING * * *
You are too injured to fight recklessly!
Drink which item? (? for menu, Esc to quit)
It was a potion of haste.
You feel yourself speed up.
You constrict the killer bee zombie. The killer bee zombie hits you!
You die...

#+# '.. #.# +.#
#M# ### +.# #.#
#.#####'#####.≈
+...@ZZ≈≈.≈.≈..
#.#####+#####≈#
+.#..∩# #.#.∩.#
+.#...#
#.##'##'##+
+...≈≈≈≈.≈≈≈
#+#+#+#.≈≈#.
≈n≈n


You could see a giant frog zombie and a killer bee zombie.

Vanquished Creatures
  A phantom (D:4)
  An orc wizard (D:4)
  A centaur zombie (Ossuary)
  Crazy Yiuf (D:2)
  A centaur skeleton (D:5)
  Jessica (D:3)
  A worker ant (D:4)
  A hound zombie (Ossuary)
  2 mummies (Ossuary)
  An adder (D:2)
  An ooze (D:2)
  An adder skeleton (D:4)
  3 giant geckos
  5 orcs (D:4)
  9 bats
  A giant cockroach (D:4)
  7 goblins
  A hobgoblin (D:1)
  8 jackals
  2 kobolds
  A quokka zombie (Ossuary)
  4 rats (D:1)
54 creatures vanquished.

Vanquished Creatures (collateral kills)
  An orc priest (D:4)
  3 orcs (D:4)
  A fungus (D:2)
5 creatures vanquished.

Grand Total: 59 creatures vanquished

Notes
Turn   | Place    | Note
--------------------------------------------------------------
     0 | D:1      | M4edhros the Octopode Artificer began the quest for the Orb.
     0 | D:1      | Reached XP level 1. HP: 13/13 MP: 3/3
    44 | D:1      | Reached XP level 2. HP: 13/18 MP: 4/4
   534 | D:2      | Reached XP level 3. HP: 17/23 MP: 5/5
   702 | D:2      | Found an iron altar of Okawaru.
   860 | D:2      | Noticed Crazy Yiuf
   914 | D:2      | Killed Crazy Yiuf
   914 | D:2      | Reached XP level 4. HP: 28/28 MP: 6/6
  1071 | D:3      | Reached skill level 4 in Stealth
  1077 | D:3      | Noticed Jessica
  1151 | D:3      | Killed Jessica
  1341 | D:4      | Got an encrusted falchion
  1342 | D:4      | Identified the +2 falchion of the Fifty Curses {freeze, rN+} (You found it on level 4 of the Dungeon)
  1424 | D:4      | Reached XP level 5. HP: 20/33 MP: 8/8
  2071 | D:4      | Reached skill level 5 in Stealth
  2071 | D:4      | Reached XP level 6. HP: 26/38 MP: 9/9
  2306 | D:4      | Noticed a phantom
  2307 | D:4      | Found a blossoming altar of Fedhas.
  2338 | D:4      | Killed a phantom
  2611 | D:5      | Entered Level 5 of the Dungeon
  2638 | D:5      | Reached skill level 6 in Stealth
  2718 | D:5      | Found a staircase to the Ecumenical Temple.
  2752 | D:5      | Found a sand-covered staircase.
  2783 | Temple   | Entered the Ecumenical Temple
  2904 | Ossuary  | Entered an ossuary
  2964 | Ossuary  | Slain by a killer bee zombie

Vault maps used:
D:1:      dpeg_arrival_sounds_slurp
D:2:      okawaru_metal_pillars_1_2, grunt_temple_overflow_cloverleaf,
          kennysheep_another_room, uniq_crazy_yiuf_cottage, uniq_robin
D:3:      wad_orctagon, uniq_natasha, uniq_jessica
D:4:      fedhas_altar_fruit_tree
D:5:      minmay_temple_entry_statues, nicolae_ossuary_entry_false_entrances,
          first_bread, minmay_misc_feat_rows, cheibrodos_ashenzari_chains
Temple:   circular_temple_pool_12
Ossuary:  ossuary_zaba_flooded

Action                   |  1- 3 |  4- 6 || total
-------------------------+-------+-------++-------
Melee: Short sword       |    53 |       ||    53
       Mace              |     2 |       ||     2
       Quarterstaff      |       |    36 ||    36
       Falchion          |       |    43 ||    43
Evoke: Wand              |     4 |    11 ||    15
  Use: Scroll            |     1 |       ||     1
       Potion            |       |     1 ||     1
 Stab: Sleeping          |     7 |       ||     7
       Confused          |       |     2 ||     2
  Eat: Chunk             |       |     5 ||     5
